[Event "Cape Verde Championship Final 2022"]
[Site "Praia"]
[Date "2022.12.10"]
[Round "5.1"]
[White "Teixeira, Gil"]
[Black "Ortega Amarelle, Mariano"]
[Result "0-1"]
[ECO "B30"]
[WhiteElo "1763"]
[BlackElo "2471"]
[Annotator "TA"]
[PlyCount "64"]
[EventDate "2022.12.04"]
[EventType "tourn"]
[EventCountry "KAP"]
[SourceTitle "playchess.com"]
[Source "ChessBase"]
[SourceQuality "1"]
[TimeControl "40/5400+30:1800+30"]

1. e4 c5 2. c4 Nc6 3. Nf3 g6 4. Na3 Bg7 5. Be2 {[%emt 0:00:29] [#]} Nf6 $146 ({Predecessor:} 5... d6 6. Nc2 Nf6 7. d3 O-O 8. O-O a6 9. Rb1 b5 10. Bg5 bxc4 11. Bxf6 Bxf6 12. dxc4 {0-1 (48) Alard,F-Armao,O (1800) France 1997}) 6. d3 {[%emt 0:00:14] B30: Sicilian: 2...Nc6 3 Bb5, lines without ...g6.} d6 7. O-O O-O 8. h3 {[%emt 0:00:12] The position is equal.} a6 9. Bd2 Rb8 10. Rb1 b5 11. b3 Ne8 12. Nc2 Nc7 13. Ne3 Ne6 14. Re1 Ned4 15. Nc2 Nxc2 16. Qxc2 b4 17. Be3 f5 18. Bc1 {[%emt 0:02:04] White is now going downhill.} Rb7 19. Bb2 Bxb2 20. Qxb2 e5 21. Qd2 Rg7 22. Kh1 (22. Qg5 $17) 22... g5 {[%emt 0:07:47][%cal Bg6g5,Bg5g4][%mdl 32] Hoping for ...g4.} 23. Nh2 {[%emt 0:01:44] [#]} (23. exf5 $17 Rxf5 24. Qe3) 23... g4 $1 $19 24. exf5 gxh3 ({Weaker is} 24... Bxf5 25. Bxg4 Bxg4 26. Nxg4 $15) 25. g4 (25. Bf3 $142 hxg2+ 26. Bxg2) 25... Nd4 26. Qh6 Bb7+ 27. f3 Qg5 {[%emt 0:10:45] Really sharp! Active counter play!} 28. Qxh3 (28. Qxg5 Rxg5 29. Bf1) 28... Rf6 29. Bd1 Rh6 30. Qf1 (30. Qg2 $19) 30... Rxh2+ 31. Kxh2 Qh4+ (31... Qf4+ $142 32. Kh3 {[#]} Nxf5 $1 33. Qg1 Qh6+ 34. Kg2 Rxg4+ 35. Kf1 Qh3+ 36. Kf2 Qh4+ 37. Ke2 Bxf3+ 38. Kd2 Qg5+ 39. Kc2 Rxg1 40. Rxg1 Qxg1 41. Be2 Qf2 42. Rg1+ Qxg1 43. Bxf3 Nd4+ 44. Kd2 Qf2+ 45. Kd1 Nxf3 46. Kc1 Qxa2 47. d4 exd4 48. Kd1 Qd2#) 32. Kg2 Rxg4# {[%emt 0:00:16] Weighted Error Value: White=0.93/Black=0.50} 0-1

[Event "Cape Verde Championship Final 2022"]
[Site "Praia"]
[Date "2022.12.10"]
[Round "5.2"]
[White "Monteiro, Antonio David Cabral"]
[Black "Monteiro, Antonio David Cabral"]
[Result "0-1"]
[ECO "C05"]
[WhiteElo "1778"]
[BlackElo "1778"]
[Annotator "NA RC COMBH"]
[PlyCount "46"]
[EventDate "2022.12.04"]
[EventType "tourn"]
[EventCountry "KAP"]
[SourceTitle "playchess.com"]
[Source "ChessBase"]
[SourceQuality "1"]
[TimeControl "40/5400+30:1800+30"]

1. e4 e6 2. d4 d5 3. Nd2 Nf6 4. e5 Nfd7 5. Ngf3 c5 6. c3 Nc6 7. Be2 cxd4 8. cxd4 Qb6 9. Nb3 a5 10. a4 Bb4+ 11. Bd2 Bxd2+ 12. Kxd2 Qb4+ 13. Kc2 O-O 14. Qd2 Qe7 15. Rhc1 f6 16. exf6 Rxf6 17. Kd1 Nb4 18. Ke1 e5 19. dxe5 Nxe5 20. Kf1 Nxf3 21. Bxf3 Rxf3 22. gxf3 Bh3+ 23. Kg1 Qf6 0-1

[Event "Cape Verde Championship Final 2022"]
[Site "Praia"]
[Date "2022.12.11"]
[Round "5.3"]
[White "Rodriguez Guevara, Celia M."]
[Black "Vaz, Jose Carlos"]
[Result "0-1"]
[ECO "B44"]
[WhiteElo "1803"]
[BlackElo "1787"]
[Annotator "NA RC COMBH"]
[PlyCount "122"]
[EventDate "2022.12.04"]
[EventType "tourn"]
[EventCountry "KAP"]
[SourceTitle "playchess.com"]
[Source "ChessBase"]
[SourceQuality "1"]
[TimeControl "40/5400+30:1800+30"]

1. e4 c5 2. Nf3 Nc6 3. d4 cxd4 4. Nxd4 e6 5. Bb5 Bc5 6. Nxc6 bxc6 7. Bd3 Ne7 8. O-O O-O 9. Qh5 Bb6 10. e5 Ng6 11. Bg5 Qc7 12. Be7 Re8 13. Bd6 Qb7 14. Nd2 Bd8 15. Ne4 Qxb2 16. c3 Qb6 17. Ng5 Bxg5 18. Qxg5 Ba6 19. Rfb1 Qa5 20. Bb4 Qa4 21. Be4 Rac8 22. Bxg6 fxg6 23. Bd6 Qe4 24. Rb4 Qf5 (24... Qd3 $11) 25. Qe3 Ra8 26. Ra4 Qd3 27. Qc1 Bc4 28. Rb4 a5 29. Rb7 Red8 30. a4 Ba6 31. Rb2 Qf5 32. Rd2 c5 33. c4 (33. Be7 $11 {might be stronger.}) 33... Bb7 34. Rb1 Bc6 35. Ra1 Qg5 36. f3 h5 37. Qe1 h4 38. Kh1 h3 39. Qf2 Rdc8 40. Rd3 Ra7 41. Rg1 Qf5 42. Ra3 hxg2+ 43. Rxg2 (43. Qxg2 $142 Rb7 44. Rc3) 43... Rb7 44. Rg1 Kf7 45. Qg3 Rh8 46. Qg4 Rh5 47. Qxf5+ gxf5 (47... Rxf5 $2 {perishes.} 48. Rg3 $19) 48. Bxc5 g5 49. Rg3 g4 50. Kg1 Rb1+ 51. Kf2 Rxh2+ 52. Ke3 Bxf3 (52... gxf3 $142 53. Kf4 f2 54. Bxf2 Rxf2+ 55. Ke3 Rc2) 53. Bd4 Bc6 (53... Re1+ $142 54. Kf4 Re4+ 55. Kg5 Rxd4 56. Rc3 Rh8 57. Rc2 Rg8+ 58. Kh5 f4 59. Kh4 Rh8+ 60. Kg5 fxg3 61. Rg2 Bxg2 62. c5 Rd3 63. c6 dxc6 64. Kf4 Kg6 65. Kxg4 Rh7 66. Kf4 Rh4#) 54. Bc3 Rh3 $19 55. Rxh3 gxh3 56. Ra2 Bg2 57. Bxa5 h2 58. Rd2 h1=Q 59. Rxd7+ Kg6 60. Re7 Qg1+ 61. Kd3 Be4+ 0-1

[Event "Cape Verde Championship Final 2022"]
[Site "Praia"]
[Date "2022.12.11"]
[Round "5.4"]
[White "Moes Joaquim, Carlos"]
[Black "Barros, Luis"]
[Result "0-1"]
[ECO "D53"]
[WhiteElo "1448"]
[BlackElo "1666"]
[Annotator "NA RC COMBH"]
[PlyCount "92"]
[EventDate "2022.12.04"]
[EventType "tourn"]
[EventCountry "KAP"]
[SourceTitle "playchess.com"]
[Source "ChessBase"]
[SourceQuality "1"]
[TimeControl "40/5400+30:1800+30"]

1. d4 Nf6 2. c4 d5 3. Nc3 e6 4. Nf3 c5 5. Bg5 Be7 6. e3 Nc6 7. Be2 Qb6 8. Rb1 h6 9. Bxf6 Bxf6 10. cxd5 cxd4 11. dxc6 dxc3 12. cxb7 Bxb7 13. O-O cxb2 14. Qa4+ Bc6 15. Qa3 Rb8 16. Nd2 Be7 17. Qc3 O-O 18. Nc4 Qc5 19. Rfe1 Rfd8 20. Bf1 Be4 21. Rxb2 Bf6 22. Rxb8 Bxc3 23. Rxd8+ Kh7 24. Red1 Bd5 25. Nd6 Bf6 26. Rd7 Qc6 27. Bb5 Qc5 28. Bf1 a6 29. Bxa6 Qa5 30. Bd3+ Kg8 31. Rc1 Bc3 32. Rb1 Qa8 33. f3 g5 34. Nxf7 Ba5 35. Nxh6+ Kf8 36. Rf7+ Ke8 37. Bb5+ Bc6 38. a4 Bb6 39. Kf2 Bxb5 40. Rxb5 Qc6 41. Rxg5 Bxe3+ 42. Kxe3 Qc1+ 43. Kf2 Qxg5 44. Rh7 Qh4+ 45. Kf1 Qc4+ 46. Kf2 Qc2+ 0-1

[Event "Cape Verde Championship Final 2022"]
[Site "Praia"]
[Date "2022.12.11"]
[Round "6.1"]
[White "Ortega Amarelle, Mariano"]
[Black "Barros Gutierrez, Angel Luis"]
[Result "1-0"]
[ECO "B03"]
[WhiteElo "2471"]
[BlackElo "2051"]
[Annotator "TA"]
[PlyCount "63"]
[EventDate "2022.12.04"]
[EventType "tourn"]
[EventCountry "KAP"]
[SourceTitle "playchess.com"]
[Source "ChessBase"]
[SourceQuality "1"]
[TimeControl "40/5400+30:1800+30"]

1. e4 Nf6 2. e5 Nd5 3. d4 b5 4. Bxb5 c5 5. Bc4 Bb7 6. Nf3 {[%emt 0:06:25] [#] White is more active. B03: Alekhine's Defence: Four Pawns Attack.} Qa5+ $146 (6... cxd4 $142 7. Qxd4 e6) ({Predecessor:} 6... e6 7. O-O Nb6 8. Be2 Be7 9. a4 a5 10. Nc3 O-O 11. Nb5 Nc6 12. dxc5 Bxc5 {1-0 (44) Girinath,P (2361)-Toncheva,N (2228) Chess.com INT 2022}) 7. Bd2 $16 Nb4 $2 {[%emt 0:00:37] [#]} (7... Qc7 $16) 8. c3 $18 {[%emt 0:05:23] White is clearly winning.} Bxf3 9. cxb4 ({Weaker is} 9. gxf3 N4c6 10. Qb3 e6 $18) (9. Bxf7+ $142 Kd8 10. Qxf3 (10. gxf3 Nd3+ 11. Kf1 Qa6 $16)) 9... Bxd1 10. bxa5 Bc2 11. Bd5 Nc6 12. Bxc6 ({Better is} 12. dxc5 $18 e6 13. Bxc6 dxc6 14. Be3) 12... dxc6 $16 13. dxc5 Bd3 14. Nc3 e6 15. Be3 Be7 16. O-O-O Bg6 (16... O-O-O {might work better.} 17. Rd2 Bf5) 17. Rd2 $18 O-O 18. Rd7 Bd8 19. b4 a6 20. Rb7 f6 21. Rd1 Rf7 22. Rxf7 Kxf7 23. Rd7+ Kg8 24. Bf4 Be8 25. Rb7 g5 26. Be3 Bg6 27. Na4 Be4 28. Nb6 Bxb6 29. axb6 Rd8 30. Rc7 {[%emt 0:00:20] [#] White wants to mate with b7.} Rd3 31. b7 Rc3+ 32. Kd2 {[%emt 0:00:32] Weighted Error Value: White=0.40/Black=0.84} 1-0

[Event "Cape Verde Championship Final 2022"]
[Site "Praia"]
[Date "2022.12.11"]
[Round "6.3"]
[White "Monteiro, Antonio David Cabral"]
[Black "Rodriguez Guevara, Celia M."]
[Result "1-0"]
[ECO "D02"]
[WhiteElo "1778"]
[BlackElo "1803"]
[Annotator "NA RC COMBH"]
[PlyCount "99"]
[EventDate "2022.12.04"]
[EventType "tourn"]
[EventCountry "KAP"]
[SourceTitle "playchess.com"]
[Source "ChessBase"]
[SourceQuality "1"]
[TimeControl "40/5400+30:1800+30"]

1. d4 d5 2. Bf4 Bf5 3. e3 Nf6 4. Nf3 e6 5. c4 dxc4 6. Bxc4 Nbd7 7. Nbd2 Be7 8. h3 h6 9. Rc1 c6 10. O-O O-O 11. Re1 Nb6 12. Be2 Bd6 13. Ne5 Qe7 14. a3 Rfd8 15. Qb3 Bh7 16. Bd3 Bxd3 17. Nxd3 Bxf4 18. Nxf4 Nfd5 19. Nd3 Nf6 20. Ne5 Rd5 21. Qc2 Rad8 22. Ndf3 R5d6 23. b4 Nfd7 24. Nd3 e5 25. dxe5 Rg6 $18 (25... Rxd3 $16 26. Qxd3 Nc5 27. Qxd8+ (27. bxc5 $2 {perishes.} Rxd3 28. cxb6 axb6 $19) 27... Qxd8) 26. Nf4 Rg5 27. Nxg5 hxg5 28. Nd3 Nxe5 29. Nxe5 Qxe5 30. Red1 Re8 31. Rd4 Nd5 32. Rcd1 f5 33. b5 Ne7 34. Rd8 Rxd8 35. Rxd8+ Kh7 36. bxc6 Nxc6 37. Rd1 Kg6 38. g4 Kf6 39. Qxf5+ Qxf5 40. gxf5 Kxf5 41. Rd7 g6 42. Rxb7 g4 43. Rc7 Ne5 44. hxg4+ Kxg4 45. Kg2 a5 46. Rc5 Nd3 47. Rxa5 Ne1+ 48. Kf1 Nd3 49. Rd5 Nb2 50. Rd2 1-0

[Event "Cape Verde Championship Final 2022"]
[Site "Praia"]
[Date "2022.12.11"]
[Round "6.4"]
[White "Teixeira, Gil"]
[Black "Monteiro, Antonio David Cabral"]
[Result "1-0"]
[ECO "B07"]
[WhiteElo "1763"]
[BlackElo "1778"]
[Annotator "NA RC COMBH"]
[PlyCount "131"]
[EventDate "2022.12.04"]
[EventType "tourn"]
[EventCountry "KAP"]
[SourceTitle "playchess.com"]
[Source "ChessBase"]
[SourceQuality "1"]
[TimeControl "40/5400+30:1800+30"]

1. e4 d6 2. c3 Nf6 3. d3 e5 4. Ne2 Be7 5. Ng3 h5 6. Be2 h4 7. Nf1 h3 8. g3 Nc6 9. Ne3 Be6 10. Nd2 Qd7 11. b4 d5 12. a3 d4 13. cxd4 Nxd4 14. Bb2 Nxe2 15. Qxe2 Bd6 16. Ndc4 Rd8 17. O-O Bxc4 18. Nxc4 Qe6 19. Rae1 Nd7 20. d4 f6 21. d5 Qf7 22. Ne3 Qh5 23. Nf5 Qxe2 24. Rxe2 Kf7 25. Rc2 Rb8 26. Rfc1 g6 27. Nxd6+ cxd6 28. Rc7 Ke7 29. g4 f5 30. exf5 gxf5 31. gxf5 Rhg8+ 32. Kh1 Rgf8 33. Rg1 Kd8 34. Rc3 Rxf5 35. Rxh3 Rxf2 36. Bc1 Kc7 37. Rc3+ Kd8 38. Be3 Rf5 39. Rg8+ Ke7 40. Rg7+ Rf7 41. Rg6 Rf5 42. Re6+ Kf7 43. Rxd6 Nf6 44. Rc7+ Kg6 45. Rc2 Rf3 46. Rg2+ Kf7 47. Bg5 Rf1+ 48. Rg1 Rxg1+ 49. Kxg1 Ne4 50. Rd7+ Kg6 51. Be3 Kf5 52. Rf7+ Kg4 53. Kg2 Rc8 54. h3+ Kh5 55. Rf5+ Kg6 56. Rxe5 Rc2+ 57. Kf3 Nf6 58. Bd4 Ra2 59. Re6 Rxa3+ 60. Kf4 Rxh3 61. Rxf6+ Kh7 62. Rf7+ Kg8 63. Rxb7 Rh4+ 64. Ke5 Rh5+ 65. Kd6 Rh6+ 66. Kc5 1-0

[Event "Cape Verde Championship Final 2022"]
[Site "Praia"]
[Date "2022.12.11"]
[Round "7.1"]
[White "Monteiro, Antonio"]
[Black "Ortega Amarelle, Mariano"]
[Result "0-1"]
[ECO "B45"]
[WhiteElo "1719"]
[BlackElo "2471"]
[Annotator "TA"]
[PlyCount "54"]
[EventDate "2022.12.04"]
[EventType "tourn"]
[EventCountry "KAP"]
[SourceTitle "playchess.com"]
[Source "ChessBase"]
[SourceQuality "1"]
[TimeControl "40/5400+30:1800+30"]

1. e4 c5 2. Nf3 e6 3. d4 cxd4 4. Nxd4 Nc6 5. Be2 Nf6 6. Nc3 Bb4 7. Bf3 O-O {[%emt 0:02:39] B45: Sicilian Four Knights.} 8. O-O Ne5 9. Qe2 (9. Bf4 $5 d6 10. Nce2 $11) 9... a6 {[%emt 0:00:50] [#] Black is slightly better.} 10. a3 $146 ({Predecessor:} 10. Nd1 b5 11. a4 bxa4 12. Rxa4 a5 13. b3 Bb7 14. c3 Bc5 15. Re1 Qb6 16. Nb2 Nxf3+ 17. Qxf3 Nxe4 {0-1 (37) Hellman,G-Fine,R New York 1939}) 10... Bxc3 11. bxc3 Qc7 12. Bd2 (12. Bg5 $15) 12... b5 13. a4 bxa4 14. Rxa4 Bb7 15. Rb1 d5 (15... Rab8 $15) 16. exd5 $11 Nxf3+ 17. Nxf3 Bxd5 18. c4 (18. Ne5 $11) 18... Bc6 (18... Bxf3 $15 {might be stronger.} 19. gxf3 Rfc8) 19. Rab4 (19. Ba5 $11 {keeps the balance.} Rfb8 20. Rb3) 19... a5 $17 {[%emt 0:00:43] Black is more active.} 20. Rb6 Nd7 21. Ng5 {[%emt 0:05:23][%mdl 8192] [#] This move loses the game for White.} Nxb6 $19 {[%emt 0:01:24] Black is clearly winning.} 22. Nxh7 Kxh7 23. Qh5+ Kg8 24. Rb3 Be4 25. Rh3 f6 (25... Bxc2 $2 26. Qh8#) 26. f3 Qe5 27. Qh4 Qd4+ {[%emt 0:00:38] Weighted Error Value: White=1.37/Black=0.47} 0-1

[Event "Cape Verde Championship Final 2022"]
[Site "Praia"]
[Date "2022.12.11"]
[Round "7.2"]
[White "Rodriguez Guevara, Celia M."]
[Black "Teixeira, Gil"]
[Result "0-1"]
[ECO "C01"]
[WhiteElo "1803"]
[BlackElo "1763"]
[Annotator "NA RC COMBH"]
[PlyCount "173"]
[EventDate "2022.12.04"]
[EventType "tourn"]
[EventCountry "KAP"]
[SourceTitle "playchess.com"]
[Source "ChessBase"]
[SourceQuality "1"]
[TimeControl "40/5400+30:1800+30"]

1. e4 e6 2. d4 d6 3. Nf3 Be7 4. Bd3 Nd7 5. O-O e5 6. dxe5 dxe5 7. Nc3 Ngf6 8. Be3 O-O 9. h3 c6 10. Qe2 Qc7 11. Bc4 b5 12. Bb3 a5 13. a4 Ba6 14. axb5 cxb5 15. Nxb5 Qb7 16. Bc4 Nxe4 17. Rxa5 Bxb5 18. Rxb5 Qc7 19. Bd5 Nd6 20. Bxa8 Nxb5 21. Bd5 Nd6 22. Bb3 Nf5 23. Bd2 Bc5 24. Bc3 Ng3 25. Qc4 Nxf1 26. Kxf1 h6 27. Qg4 Qd6 28. Nh4 Kh7 29. Nf5 Qf6 30. Qf3 (30. Be1 $1 $15) 30... g6 31. Ne3 Qf4 (31... Qxf3 $17 32. gxf3 Bd4) 32. Qxf4 exf4 33. Nd5 Bd6 $2 {[%emt 0:01:42] [#]} (33... g5 $11 {and Black has nothing to worry.}) 34. Ba4 $1 Ne5 35. Nxf4 Ra8 36. Bb3 g5 37. Nd5 Kg6 38. Ne3 Ra1+ 39. Ke2 Ra8 40. Bd5 Rf8 41. Be4+ f5 42. Bd5 h5 43. Nc4 Nxc4 44. Bxc4 Re8+ 45. Kf1 Be5 46. Bxe5 Rxe5 47. Bd3 Kf6 48. f3 h4 49. Kf2 Ra5 50. b4 {[%emt 0:00:00] [#]} (50. f4 $142) 50... Ra4 $1 51. b5 Rb4 52. c4 Ke5 53. c5 Kd5 54. c6 Kd6 55. Bxf5 Rxb5 56. Be4 Rb3 57. g4 (57. Ke2 $17 {was called for.}) 57... Ke5 58. Bf5 (58. c7 Rc3 59. c8=B Rxc8 $19) 58... Rc3 59. Be4 Kd4 60. Ke2 Ra3 61. Bf5 $17 {[%emt 0:00:00] [#]} (61. c7 Rc3 62. Ba8 Rc2+ 63. Kd1 Rxc7 $19) 61... Re3+ $1 62. Kf2 Rc3 63. Be4 Ke5 64. Ke2 Kd6 65. Kf2 Rc1 66. Kg2 Ra1 67. Kf2 Ra2+ 68. Kg1 Rd2 69. Kh1 Rd1+ 70. Kg2 Rc1 71. Kf2 Ke5 72. Ke2 Rg1 73. Kf2 Rc1 74. Ke2 Rh1 75. Kf2 Kf4 76. Ke2 Rc1 77. Kd2 Rc5 78. Kd3 Ke5 79. Kd2 Ra5 80. Bf5 Kd6 81. Be4 Ra2+ 82. Ke3 Rh2 83. f4 Rxh3+ 84. Kf2 gxf4 85. g5 Rg3 86. g6 h3 87. Bf3 0-1

[Event "Cape Verde Championship Final 2022"]
[Site "Praia"]
[Date "2022.12.11"]
[Round "7.3"]
[White "Moes Joaquim, Carlos"]
[Black "Monteiro, Antonio David Cabral"]
[Result "0-1"]
[ECO "A51"]
[WhiteElo "1448"]
[BlackElo "1778"]
[Annotator "NA RC COMBH"]
[PlyCount "71"]
[EventDate "2022.12.04"]
[EventType "tourn"]
[EventCountry "KAP"]
[SourceTitle "playchess.com"]
[Source "ChessBase"]
[SourceQuality "1"]
[TimeControl "40/5400+30:1800+30"]

1. d4 Nf6 2. c4 e5 3. d5 Bc5 4. Nf3 d6 5. Nc3 a5 6. a3 O-O 7. e3 Nbd7 8. Be2 h6 9. Qc2 Re8 10. h3 Nh7 11. g4 Ng5 12. Nxg5 hxg5 13. Bd2 c6 14. O-O-O cxd5 15. Nxd5 Nf6 16. e4 Nxd5 17. exd5 Bxf2 18. Qe4 Bg3 19. Bd3 g6 20. h4 gxh4 21. Rdg1 f5 22. gxf5 Bxf5 23. Qe2 Qf6 24. Bh6 Bf4+ 25. Bxf4 exf4 26. Bxf5 Rxe2 27. Rxg6+ Kf7 28. Rxf6+ Kxf6 29. Be6 Rh8 30. Rf1 Ke5 31. b4 axb4 32. axb4 Ra8 33. Kd1 Rh2 34. Re1+ Kd4 35. Re2 Ra1+ 36. Kd2 0-1

[Event "Cape Verde Championship Final 2022"]
[Site "Praia"]
[Date "2022.12.11"]
[Round "7.4"]
[White "Barros, Luis"]
[Black "Vaz, Jose Carlos"]
[Result "1/2-1/2"]
[ECO "C02"]
[WhiteElo "1666"]
[BlackElo "1787"]
[Annotator "NA RC COMBH"]
[PlyCount "83"]
[EventDate "2022.12.04"]
[EventType "tourn"]
[EventCountry "KAP"]
[SourceTitle "playchess.com"]
[Source "ChessBase"]
[SourceQuality "1"]
[TimeControl "40/5400+30:1800+30"]

1. e4 c5 2. c3 e6 3. Nf3 Nc6 4. d4 d5 5. e5 Qb6 6. Bd3 Bd7 7. b3 cxd4 8. c4 dxc4 9. Bxc4 Nxe5 10. Nbd2 Nxf3+ 11. Nxf3 e5 12. O-O f6 13. Re1 O-O-O 14. a4 a5 15. Bd2 Bb4 16. Rc1 Kb8 17. Bxb4 Qxb4 18. Bd5 Ne7 19. Be4 Nc6 20. Nd2 Rde8 21. Qe2 f5 22. Rc4 Qb6 23. Bd5 Rhf8 24. Rec1 Nb4 25. Rc7 Nxd5 26. Rxd7 Nc3 27. Qe1 Qc6 28. Rxg7 Ne2+ 29. Qxe2 Qxc1+ 30. Nf1 Qc6 31. h3 e4 32. Qd2 Qd5 33. Ne3 Qe5 34. Rxh7 dxe3 35. Qd7 exf2+ 36. Kf1 Qa1+ 37. Kxf2 e3+ 38. Kg3 Qe5+ 39. Kf3 Qe4+ 40. Kg3 e2 41. Qc7+ Ka8 42. Qxa5+ 1/2-1/2